 Dungeon Crawl Stone Soup version 0.24-a0-417-g1cce26a (webtiles) character file.

Game seed: 16630863517334808236

223 Deathlysoul the Skirmisher (level 5, -8/47 HPs)
             Began as a Minotaur Fighter on June 10, 2019.
             Mangled by Edmund
             ... wielding a +5 dire flail of protection
              (10 damage)
             ... on level 4 of the Dungeon.
             The game lasted 00:02:42 (1811 turns).

Deathlysoul the Skirmisher (Minotaur Fighter)       Turns: 1811, Time: 00:02:43

Health: -8/47      AC:  7    Str: 20    XL:     5   Next: 66%
Magic:  4/4        EV:  8    Int:  5    God:
Gold:   88         SH:  9    Dex: 11    Spells: 4/4 levels left

rFire    . . .     SeeInvis .   a - +0 war axe
rCold    . . .     Gourm    .   c - +0 shield
rNeg     . . .     Faith    .   b - +0 scale mail
rPois    .         Spirit   .   (helmet restricted)
rElec    .         Reflect  .   (no cloak)
rCorr    .         Harm     .   (no gloves)
MR       .....                  (no boots)
Stlth    ..........             (no amulet)
HPRegen  0.15/turn              (no ring)
MPRegen  0.09/turn              (no ring)

@: no status effects
A: retaliatory headbutt, horns 2
a: no special abilities


You were on level 4 of the Dungeon.
You were not hungry.

You visited 1 branch of the dungeon, and saw 4 of its levels.

You collected 88 gold pieces.

Inventory:

Hand Weapons
 a - a +0 war axe (weapon)
Armour
 b - a +0 scale mail (worn)
 c - a +0 shield (worn)
 o - a cursed -1 ring mail
Scrolls
 e - 2 scrolls of identify {unknown}
 g - a scroll of noise {unknown}
 i - 2 scrolls of amnesia {unknown}
 j - a scroll of remove curse {unknown}
 q - a scroll of immolation {unknown}
 r - 3 scrolls of magic mapping {unknown}
Potions
 d - a potion of might
 k - 2 potions of curing {unknown}
 l - a potion of berserk rage {unknown}
 m - 2 potions of agility {unknown}
 n - a potion of haste {unknown}
 p - a potion of degeneration {unknown}
Comestibles
 f - 6 rations
 h - 8 chunks of flesh


   Skills:
 * Level 4.8 Fighting
 * Level 3.9 Axes
 * Level 4.7 Armour
 * Level 2.4 Dodging
 * Level 4.7 Shields


You had 4 spell levels left.
You didn't know any spells.
Your spell library was empty.

Dungeon Overview and Level Annotations

Branches:
Dungeon (4/15)
 Temple: D:4-7

Altars:

Annotations:
D:4 Edmund


Innate Abilities, Weirdness & Mutations

You reflexively headbutt those who attack you in melee.
You have a pair of horns on your head.


Message History

You barely miss Edmund.
Edmund is moderately wounded.
You block Edmund's attack.
You closely miss Edmund. Your headbutt misses Edmund.
Edmund is moderately wounded.
You block Edmund's attack.
You hit Edmund. Your headbutt misses Edmund.
Edmund is moderately wounded.
Edmund hits you with a +5 dire flail of protection!
* * * LOW HITPOINT WARNING * * *
You hit Edmund. You headbutt Edmund.
Edmund is heavily wounded.
Edmund hits you with a +5 dire flail of protection!
* * * LOW HITPOINT WARNING * * *
You barely miss Edmund.
Edmund is heavily wounded.
Edmund hits you with a +5 dire flail of protection.
* * * LOW HITPOINT WARNING * * *
Edmund hits you with a +5 dire flail of protection!
You die...

.......<..#
.##.......#
#.....(.# #
##......# ..
#......# ...
##.....# ....
#....## .....
######.#####......
...........@@......
#######.....†......
######.......
#...... .....$
#..... #.... ....


You could see Edmund.

Vanquished Creatures
  Terence (D:2)
  An iguana (D:4)
  A worker ant (D:3)
  A gnoll (D:1)
  4 adders
  2 oozes
  An adder zombie (D:3)
  2 worms
  2 dart slugs (D:1)
  2 leopard geckos
  5 orcs (D:3)
  5 bats
  2 giant cockroaches
  6 goblins
  7 hobgoblins
  4 jackals (D:2)
  6 kobolds
  3 quokkas
  5 frilled lizards
  24 rats
84 creatures vanquished.

Notes
Turn   | Place    | Note
-------+----------+-------------------------------------------
     0 | D:1      | Deathlysoul the Minotaur Fighter began the quest for the
                  | Orb.
     0 | D:1      | Reached XP level 1. HP: 19/19 MP: 0/0
    88 | D:1      | Reached XP level 2. HP: 27/27 MP: 1/1
   185 | D:1      | Reached skill level 1 in Dodging
   225 | D:1      | Reached XP level 3. HP: 31/33 MP: 2/2
   237 | D:2      | Noticed Terence
   244 | D:2      | Killed Terence
   306 | D:2      | Reached XP level 4. HP: 32/40 MP: 3/3
  1480 | D:3      | Reached XP level 5. HP: 47/47 MP: 4/4
  1796 | D:4      | Noticed Edmund
  1811 | D:4      | HP: 2/47 [Edmund/+5 dire flail of protection (3)]
  1811 | D:4      | Mangled by Edmund

Levels and vault maps discovered:
D:1:      dpeg_arrival_simpleton_a, layout_basic, feat_on_display
D:2:      layout_rooms, uniq_terence
D:3:      layout_rooms, kennysheep_path_1, minmay_rat_hole
D:4:      layout_cave_pods, serial_shops, nicolae_shop_crystal, kennysheep_mini,
          first_ration, uniq_robin, uniq_edmund

Skill      XL: |  1  2  3  4 |
---------------+-------------+-----
Dodging        | 1 2 |  2.4
Fighting       | 4 |  4.8
Armour         | 4 |  4.7
Shields        | 4 |  4.7
Axes           | 3 |  3.9

Action                   |  1- 3 |  4- 6 || total
-------------------------+-------+-------++-------
Melee: War axe           |    46 |   125 ||   171
       Headbutt          |     6 |    19 ||    25
  Eat: Chunk             |       |     3 ||     3
Armor: Scale mail        |    22 |    48 ||    70
Dodge: Dodged            |    12 |    46 ||    58
Block: Shield            |    20 |    68 ||    88

Table legend:
 A = Non-vault XP
 B = Vault XP
 C = Vault XP percentage of total XP
 D = Non-vault monster count
 E = Vault monster count
 F = Vault count percentage of total count
                 A         B        C        D         E       F
            +---------+---------+-------+---------+---------+-------
      Total |     263 |      56 |  17.6 |      64 |      20 |  23.8
            +---------+---------+-------+---------+---------+-------
        D:1 |      64 |       0 |   0.0 |      25 |       0 |   0.0
        D:2 |      62 |      36 |  36.7 |      17 |       1 |   5.6
        D:3 |     102 |      20 |  16.4 |      21 |      19 |  47.5
        D:4 |      35 |       0 |   0.0 |       1 |       0 |   0.0
            +---------+---------+-------+---------+---------+-------
